 Dungeon Crawl Stone Soup version 0.31-a0-544-gceb718ecc6 (webtiles) character file.

Game seed: 5001202200381808103

4 Mickster the Chopper (level 1, -2/8 HPs)
             Began as a Hill Orc Berserker on Aug 16, 2023.
             Was a Follower of Trog.
             Slain by a hobgoblin (3 damage)
             ... on level 1 of the Dungeon.
             The game lasted 00:02:41 (123 turns).

Mickster the Chopper (Hill Orc Berserker)            Turns: 123, Time: 00:02:42

Health: -2/8       AC:  2    Str: 19    XL:     1   Next: 70%
Magic:  1/1        EV: 11    Int:  7    God:    Trog [*.....]
Gold:   12         SH:  0    Dex: 10    Spells: 0/0 levels left

rFire   . . .        d - melded +1 spear (heavy)
rCold   . . .        (shield currently unavailable)
rNeg    . . .        b - +0 animal skin
rPois   .            (no helmet)
rElec   .            (no cloak)
rCorr   .            (no gloves)
SInv    .            (no boots)
Will    .....        (no amulet)
Stlth   +            (no ring)
HPRegen 0.21/turn    (no ring)
MPRegen 0.07/turn

%: no passive effects
@: flux-form, glowing
A: glow, contaminating, reduced hp
a: Begin Untransformation, Renounce Religion, Berserk


You were on level 1 of the Dungeon.
You worshipped Trog.
Trog was aware of your devotion.
You were something dangerously unstable.
You visited 1 branch of the dungeon, and saw 1 of its levels.

You collected 12 gold pieces.

Inventory:

Hand Weapons
 a - a +0 hand axe
 c - a +4 whip
 d - a +1 heavy spear (melded)
Missiles
 e - 2 stones
 g - 6 poisoned darts (quivered)
Armour
 b - a +0 animal skin (worn)
Talismans
 f - a flux talisman (active)


   Skills:
 + Level 3.8 Fighting
 - Level 4.1(4.2) Axes
 * Level 0.1(2.0) Polearms
 + Level 2.2 Armour
 + Level 1.5 Dodging


You couldn't memorise any spells.
You didn't know any spells.
Your spell library was empty.

Dungeon Overview and Level Annotations

Branches:
Dungeon (1/15)

Altars:


Message History

You hear the flapping of tiny wings.
It was a scroll of butterflies.
You swap places.
You swap places.
You swap places.
You swap places.
You swap places.
You swap places.
You swap places.
Found 12 gold pieces.
You swap places.
Found a flux talisman.
You now have 12 gold pieces.
You swap places.
You see here a flux talisman.
f - a flux talisman Your butterfly disappears in a burst of colours!
Your butterfly disappears in a burst of colours!
Your butterfly disappears in a burst of colours!
Found 16 gold pieces.
A hobgoblin comes into view.
The hobgoblin shouts!
A hobgoblin is nearby!
You begin transforming.
You continue transforming. x2
The hobgoblin closely misses you.
You continue transforming.
The hobgoblin hits you but does no damage.
You turn into something dangerously unstable.
Your +1 heavy spear melds into your body.
HP restored.
Found 10 gold pieces.
The hobgoblin hits you.
You barely miss the hobgoblin. The hobgoblin hits you.
Ouch! That really hurt!
You closely miss the hobgoblin. The hobgoblin barely misses you.
You hit the hobgoblin.
The hobgoblin begins to glow.
The hobgoblin is moderately wounded.
The hobgoblin hits you.
* * * LOW HITPOINT WARNING * * *
You hit the hobgoblin but do no damage.
The hobgoblin glows dangerously bright.
The hobgoblin is moderately wounded.
The hobgoblin hits you.
You die...

.<....##
##...##
.....##
##.## ######
#.# #.# #.#
#.# #.#
#.#######
#Bg......
#...#.###.##
..$.... .#
####.$. .#
#### ##


You could see a hobgoblin (heavy contam).

Vanquished Creatures
  A giant cockroach (D:1)
  2 kobolds (D:1)
  A frilled lizard (D:1)
4 creatures vanquished.

Notes
Turn   | Place    | Note
-------+----------+-------------------------------------------
     0 | D:1      | Mickster the Hill Orc Berserker began the quest for the
                  | Orb.
     0 | D:1      | Reached XP level 1. HP: 19/19 MP: 1/1
   123 | D:1      | Slain by a hobgoblin

Illustrated notes

Levels and vault maps discovered:
D:1:      dreamdust_arrival_beginning_and_end, layout_loops_ring

Action                     || total
---------------------------++-------
  Melee: Hand axe          ||     7
         Unarmed           ||     4
         Spear             ||     1
    Use: Scroll            ||     1
 Armour: Animal skin       ||     4
  Dodge: Dodged            ||     3
   Form: Flux              ||     1

Table legend: (Time is in decaauts)
 A = Elapsed time spent in this place.
 B = Non-inter-level travel time spent in this place.
 C = Inter-level travel time spent in this place.
 D = Time resting spent in this place.
 E = Time spent auto-exploring this place.
 F = Levels seen in this place.
 G = Mean time per level.
                   A        B        C        D        E       F      G
               +--------+--------+--------+--------+--------+-----+--------+
         Total |    123 |    123 |      0 |      0 |      0 |   1 |  123.0 |
       Dungeon |    123 |    123 |      0 |      0 |      0 |   1 |  123.0 |
               +--------+--------+--------+--------+--------+-----+--------+

Top non-repeatable levels by time:
     D:1: 123 daAuts
